 Dungeon Crawl Stone Soup version 0.30-a0-918-g0ff054e9dc (webtiles) character file.

Game seed: 8280076274831644019

12838 Iniera the Fighter (level 11, 0/90 HPs)
             Began as a Mummy Fighter on Mar 21, 2023.
             Was a Priest of Qazlal.
             Slain by Josephine
             ... wielding a +0 dagger of holy wrath
              (6 damage)
             ... on level 11 of the Dungeon.
             The game lasted 00:21:16 (11646 turns).

Iniera the Fighter (Mummy Fighter)                 Turns: 11646, Time: 00:21:17

Health: 0/90       AC: 19    Str: 24    XL:     11   Next: 67%
Magic:  6/16       EV:  7    Int:  7    God:    Qazlal [***...]
Gold:   535        SH:  4    Dex: 12    Spells: 10/10 levels left

rFire   . . .      SeeInvis .    f - +0 quarterstaff
rCold   . . .      Faith    +    (shield currently unavailable)
rNeg    + + +      Spirit   .    d - +0 plate armour
rPois   ∞          Reflect  .    (no helmet)
rElec   .          Rampage  .    n - +0 cloak
rCorr   .                        q - +0 pair of gloves
Will    +....                    (no boots) Stlth
                                 b - amulet of the acrobat
HPRegen 0.35/turn                h - +4 ring of protection
MPRegen 0.15/turn                j - ring of fire

@: slowed, very slow
A: cold resistance 1, negative energy resistance 3, torment resistance 2, heat
vulnerability 1, in touch with death 1, no potions, faith
a: Renounce Religion, Upheaval, Elemental Force


You were on level 11 of the Dungeon.
You worshipped Qazlal.
Qazlal was most pleased with you.
You visited 2 branches of the dungeon, and saw 12 of its levels.

You collected 535 gold pieces.

Inventory:

Hand Weapons
 a - a +0 war axe
 f - a +0 quarterstaff (weapon)
Missiles
 x - a throwing net (quivered)
Armour
 d - a +0 plate armour (worn)
 n - a +0 cloak (worn)
 q - a +0 pair of gloves (worn)
Jewellery
 b - an amulet of the acrobat (around neck)
 c - a ring of magical power
 h - a +4 ring of protection (left hand)
 j - a ring of fire (right hand)
 s - a ring of resist corrosion
 u - a ring of protection from cold
Wands
 e - a wand of quicksilver (19)
 g - a wand of charming (1)
 l - a wand of mindburst (2)
 o - a wand of digging (4)
 p - a wand of roots (7)
 r - a wand of flame (34)
Scrolls
 i - 3 scrolls of silence
 k - 3 scrolls of immolation
 m - a scroll of fear
 t - a scroll of magic mapping
 v - 2 scrolls of identify
 w - a scroll of poison


   Skills:
 + Level 9.8 Fighting
 - Level 2.4 Axes
 + Level 9.6 Staves
 + Level 7.3 Armour
 - Level 2.4 Shields
 - Level 7.6 Invocations


You had 10 spell levels left.
You didn't know any spells.
Your spell library contained the following spells:

 Spells                   Type           Power      Damage    Failure   Level
 Summon Small Mammal      Summ           0%         N/A       99%         1
 Call Canine Familiar     Summ           0%         N/A       100%        3
 Kindle Blastsparks       Fire/Tloc/Air  0%         2d10      100%        3
 Summon Guardian Golem    Hex/Summ       0%         N/A       100%        3
 Tukima's Dance           Hex            0%         N/A       100%        3
 Fulminant Prism          Conj/Hex       0%         3d5       100%        4
 Iskenderun's Mystic Bla  Conj/Tloc      0%         2d3       100%        4
 Passage of Golubria      Tloc           0%         N/A       100%        4
 Lee's Rapid Deconstruct  Erth           0%         3d4*      100%        5
 Summon Forest            Summ/Tloc      0%         N/A       100%        5
 Summon Mana Viper        Hex/Summ       0%         N/A       100%        5
 Yara's Violent Unravell  Hex/Tmut       0%         3d3       100%        5
 Summon Cactus Giant      Summ           0%         N/A       100%        6


Dungeon Overview and Level Annotations

Branches:
Dungeon (11/15)            Temple (1/1) D:4
   Lair: D:8-11         Orc: D:9-12

Altars:
Ashenzari
Cheibriados
Dithmenos
Fedhas
Gozag
Hepliaklqana
Kikubaaqudgha
Makhleb
Nemelex Xobeh
Okawaru
Qazlal
Ru
Sif Muna
Trog
Uskayaw
Vehumet
Wu Jian
Xom
Yredelemnul

Shops:
D:4 :   D:6 (

Annotations:
D:8 2 runed translucent doors, exclusion: orange crystal statue
D:11 Josephine


Innate Abilities, Weirdness & Mutations

You are immune to poison.
Your flesh is cold resistant. (rC+)
You are immune to negative energy. (rN+++)
You are immune to unholy pain and torment.
You are vulnerable to heat. (rF-)
You are in touch with the powers of death.
You do not drink.
You have a special connection with the divine. (Faith)


Message History

Josephine casts a spell at you.
You convulse!
* * * LOW HITPOINT WARNING * * *
A centaur comes into view.
Josephine hits you but does no damage.
Aiming: Charm
Press: ? - help, Shift-Dir - straight line, f/p - Josephine
Aim: Josephine, wielding a +0 dagger of holy wrath and wearing a +0 robe (severely wounded, chance to affect: 17%)
Okay, then.
Hit: f) +0 quarterstaff
Press: ? - help, Dir - move target, f/p - Josephine
Aim: Josephine, wielding a +0 dagger of holy wrath and wearing a +0 robe (severely wounded, about 33% to evade your +0 quarterstaff)
Okay, then.
Unknown command.
Aiming: Upheaval
Press: ? - help, Dir - move target, f - wraith, p - Josephine
Aim: a wraith (lightly damaged) Magma suddenly erupts from the ground!
The blast of magma engulfs the wraith!!
You destroy the wraith!
Qazlal accepts your kill.
The centaur shouts!
Josephine hits you but does no damage.
Unknown command.
Unknown command.
Aiming: Upheaval
Press: ? - help, Dir - move target, f - wraith
Aim: a wraith (lava) Magma suddenly erupts from the ground!
The blast of magma engulfs the centaur!!
You kill the centaur!
Qazlal accepts your kill.
The blast of magma engulfs the wraith but does no damage.
The blast of magma engulfs the centaur!
The centaur is severely wounded.
Josephine barely misses you.
Josephine hits you with a +0 dagger of holy wrath.
* * * LOW HITPOINT WARNING * * *
You convulse.
You die...

#########.#
#..)...##.# #####
#.###.....## #.... #.#
#[.....####!... #.#
#....#.........
#.###.<.^#..###....
###
#........##...#####
....c####.....##.#..#
.u.c≈W@@..######.##..#
....####......##.#
#..# # +.......#.# #.#
#.......#.# .#
#.......#.# .
#.......# . #######.#
# .#


You could see Josephine, a brown ugly thing (wandering), a wraith and 2
centaurs.

Vanquished Creatures
  3 two-headed ogres
  Amaemon (D:9)
  Pikel (D:4)
  Joseph (D:9)
  An orange demon (D:9)
  An unseen horror (D:10)
  A hornet (D:11)
  Prince Ribbit (D:7)
  A meliai zombie (D:10)
  2 wraiths (D:11)
  2 shadows (D:10)
  16 yaks
  2 wyverns (D:8)
  A steam dragon (D:8)
  2 water moccasins (D:5)
  2 black bears
  A sky beast (D:7)
  3 ogres
  3 centaurs
  A phantom (D:4)
  A lemure (D:4)
  6 bullfrogs
  2 scorpions
  4 wights (D:9)
  A quasit (D:8)
  9 centaur zombies (D:10)
  5 hounds
  3 gnoll boudas
  4 orc priests
  3 jellies
  5 sleepcaps
  8 iguanas
  4 orc wizards
  Robin (D:4)
  4 adders
  12 gnolls
  2 shadow imps
  A worm (D:2)
  2 dart slugs
  31 orcs
  7 ball pythons
  7 endoplasms
  3 giant cockroaches
  14 goblins
  10 hobgoblins
  6 jackals
  8 kobolds
  12 quokkas
  3 bats
  2 frilled lizards
  A goblin skeleton (D:8)
  A goblin zombie (D:8)
  3 kobold skeletons (D:8)
  A kobold zombie (D:8)
  7 rats
239 creatures vanquished.

Vanquished Creatures (others)
  6 fungi (D:11)
  15 plants
21 creatures vanquished.

Grand Total: 260 creatures vanquished

Notes
Turn   | Place    | Note
-------+----------+-------------------------------------------
     0 | D:1      | Iniera the Mummy Fighter began the quest for the Orb.
     0 | D:1      | Reached XP level 1. HP: 18/18 MP: 1/1
   151 | D:1      | Reached XP level 2. HP: 24/24 MP: 2/2
   334 | D:1      | Reached skill level 1 in Staves
   425 | D:1      | Gained mutation: You are in touch with the powers of death.
                  | [Mummy growth]
   425 | D:1      | Reached XP level 3. HP: 27/29 MP: 3/3
  1277 | D:2      | Reached XP level 4. HP: 35/35 MP: 4/4
  1599 | D:3      | Noticed an ogre
  1605 | D:3      | Killed an ogre
  1606 | D:3      | Reached XP level 5. HP: 6/41 MP: 5/5
  1755 | D:3      | Identified the +1 robe of the Game of Kings {Slay+3}
  2264 | D:3      | Noticed a black bear
  2275 | D:3      | Killed a black bear
  2276 | D:3      | Reached XP level 6. HP: 36/47 MP: 6/6
  2523 | D:4      | Found a staircase to the Ecumenical Temple.
  2538 | Temple   | Entered the Ecumenical Temple
  2928 | D:4      | Found a stormy altar of Qazlal.
  2935 | D:4      | Became a worshipper of Qazlal Stormbringer
  3123 | D:4      | Reached skill level 5 in Staves
  3313 | D:4      | Reached XP level 7. HP: 36/54 MP: 7/7
  3397 | D:4      | Found Xuskeug's Book Shoppe.
  3630 | D:4      | Noticed Robin
  3655 | D:4      | Killed Robin
  3662 | D:4      | Reached * piety under Qazlal
  3707 | D:4      | Noticed Pikel
  3729 | D:4      | Killed Pikel
  3730 | D:4      | Reached skill level 5 in Fighting
  3821 | D:4      | Reached XP level 8. HP: 50/62 MP: 8/8
  3948 | D:5      | Entered Level 5 of the Dungeon
  3971 | D:5      | HP: 2/62 [orc/+0 war axe (8)]
  4266 | D:5      | Reached skill level 1 in Invocations
  4872 | D:5      | Found a shimmering blue altar of Sif Muna.
  5185 | D:6      | Reached ** piety under Qazlal
  5272 | D:6      | Found Raarph's Weapon Emporium.
  5459 | D:6      | Reached XP level 9. HP: 58/68 MP: 11/11
  5497 | D:6      | Found a shimmering altar of Xom.
  5698 | D:6      | Found a broken altar of Ashenzari.
  6143 | D:7      | Found a sparkling altar of Nemelex Xobeh.
  6477 | D:7      | Identified the +6 short sword "Vifilly" {chaos, Str+4}
  6498 | D:7      | Noticed Prince Ribbit
  6536 | D:7      | Killed Prince Ribbit
  7061 | D:8      | Found the +10 tower shield of Ignorance {rN+ Int-4}
  7744 | D:8      | Found a hazy altar of Hepliaklqana.
  7811 | D:8      | Reached XP level 10. HP: 23/77 MP: 13/13
  7986 | D:8      | Reached *** piety under Qazlal
  8105 | D:8      | Found a runed translucent door.
  8106 | D:8      | Noticed an orange crystal statue
  8199 | D:8      | Found a runed translucent door.
  8316 | D:8      | Noticed a two-headed ogre
  8328 | D:8      | Killed a two-headed ogre
  8329 | D:8      | Reached skill level 5 in Invocations
  8574 | D:9      | Noticed Joseph
  8625 | D:9      | Killed Joseph
  8626 | D:9      | Reached skill level 5 in Armour
  8669 | D:9      | Found a sacrificial altar of Ru.
  9008 | D:9      | Found a blossoming altar of Fedhas.
  9108 | D:9      | Noticed a two-headed ogre
  9133 | D:9      | Killed a two-headed ogre
  9254 | D:9      | Found a radiant altar of Vehumet.
  9294 | D:9      | Found a snail-covered altar of Cheibriados.
  9338 | D:9      | Noticed an orange demon
  9339 | D:9      | Noticed Amaemon
  9346 | D:9      | Killed Amaemon
  9353 | D:9      | Killed an orange demon
  9354 | D:9      | Reached XP level 11. HP: 76/87 MP: 9/16
  9746 | D:10     | Entered Level 10 of the Dungeon
 10135 | D:10     | Noticed a +0 falchion
 10136 | D:10     | Noticed a +0 dagger
 10155 | D:10     | Found a hide-covered altar of Uskayaw.
 10155 | D:10     | Noticed a +0 falchion
 10155 | D:10     | Noticed a +0 dagger
 10157 | D:10     | Noticed a +0 spear
 10157 | D:10     | Noticed a +0 spear
 10163 | D:10     | Noticed a two-headed ogre
 10183 | D:10     | Killed a two-headed ogre
 10637 | D:10     | Found a basalt altar of Yredelemnul.
 11048 | D:10     | Noticed a +0 short sword
 11048 | D:10     | Noticed a +0 short sword
 11359 | D:10     | Found a bloodstained altar of Trog.
 11451 | D:11     | Reached **** piety under Qazlal
 11630 | D:11     | Noticed Josephine
 11646 | D:11     | Noticed a brown ugly thing
 11646 | D:11     | Slain by Josephine

Illustrated notes

Levels and vault maps discovered:
D:1:      dpeg_arrival_leaves_temple_mockup, layout_basic, minmay_pentomino_z2
D:2:      layout_basic
D:3:      cheibrodos_old_hovel, layout_basic
D:4:      layout_basic, grunt_qazlal_sundering, minmay_temple_entry_slanted,
          serial_shops, nicolae_diamond_shop, st_stairs_9, uniq_robin,
          uniq_pikel
D:5:      layout_cave_pools, marbit_many_paths
D:6:      layout_rooms, nicolae_ashenzari_skybound, kennysheep_mini,
          serial_shops, shop_fountains
D:7:      layout_layer_cave, nemelex_diamond_rough_becter, uniq_prince_ribbit1
D:8:      layout_rooms, mainiacjoe_overflow_alcove_4,
          nicolae_hepliaklqana_hazy_memory, nicolae_tso_besieged_by_evil,
          chequers_guarded_unrand_ignorance
D:9:      layout_rooms, mainiacjoe_overflow_paths, old_standard_altar,
          cheibriados_altar_1, mainiacjoe_overflow_alcove_1,
          minmay_misc_feat_rugged, uniq_amaemon, uniq_joseph
D:10:     layout_loops_ring, nicolae_yredelemnul_corpse_copse,
          trog_hazing_becter, nicolae_uskayaw_en_pointe
D:11:     layout_basic, grunt_lair_entry_orc_guard_hut, uniq_grum,
          uniq_gastronok, uniq_josephine
Temple:   nicolae_temple_superstar

Skill      XL: |  1  2  3  4  5  6  7  8  9 10 11 |
---------------+----------------------------------+-----
Axes           | 2 |  2.4
Staves         | 1 2 3 4 5 6 8 9 |  9.6
Fighting       | 4 5 6 8 9 |  9.8
Invocations    | 3 4 6 7 |  7.6
Armour         | 4 6 7 |  7.3
Shields        | |  2.4

Action                     |  1- 3 |  4- 6 |  7- 9 | 10-12 || total
---------------------------+-------+-------+-------+-------++-------
  Melee: War axe           |    44 |       |       |       ||    44
         Quarterstaff      |    90 |   172 |   442 |   383 ||  1087
 Invoke: Upheaval          |       |       |     2 |     8 ||    10
  Evoke: Wand              |       |       |       |    14 ||    14
    Use: Scroll            |     1 |     5 |     5 |     1 ||    12
 Armour: Plate armour      |    88 |   104 |   288 |   293 ||   773
  Dodge: Dodged            |    47 |    74 |   220 |   172 ||   513
  Block: Buckler           |    10 |       |       |       ||    10
         Other             |       |       |    39 |    67 ||   106

Table legend: (Time is in decaauts)
 A = Elapsed time spent in this place.
 B = Non-inter-level travel time spent in this place.
 C = Inter-level travel time spent in this place.
 D = Time resting spent in this place.
 E = Time spent auto-exploring this place.
 F = Levels seen in this place.
 G = Mean time per level.
                   A        B        C        D        E       F      G
               +--------+--------+--------+--------+--------+-----+--------+
         Total |  11622 |  11183 |    439 |   2570 |   6314 |  12 |  968.5 |
       Dungeon |  11482 |  11070 |    412 |   2570 |   6208 |  11 | 1043.8 |
        Temple |    139 |    113 |     26 |      0 |    106 |   1 |  139.0 |
               +--------+--------+--------+--------+--------+-----+--------+

Top non-repeatable levels by time:
     D:9: 1531 daAuts
     D:7: 1484 daAuts
     D:4: 1377 daAuts
    D:10: 1281 daAuts
     D:8: 1225 daAuts
     D:3: 1188 daAuts
     D:1: 935 daAuts
     D:5: 862 daAuts
     D:6: 786 daAuts
     D:2: 600 daAuts
    D:11: 208 daAuts
  Temple: 139 daAuts
